 Dungeon Crawl Stone Soup version 0.22.1 (webtiles) character file.

82 MalarOregon the Skirmisher (level 4, -4/41 HPs)
             Began as a Hill Orc Fighter on Sept 18, 2018.
             Slain by a sky beast (6 damage)
             ... on level 4 of the Dungeon.
             The game lasted 00:03:07 (1568 turns).

MalarOregon the Skirmisher (Hill Orc Fighter)       Turns: 1568, Time: 00:03:08

Health: -4/41      AC: 16    Str: 24    XL:     4   Next: 43%
Magic:  4/4        EV:  1    Int:  8    God:
Gold:   92         SH:  9    Dex: 10    Spells: 3/3 levels left

rFire    . . .     SeeInvis .   a - +0 war axe
rCold    . . .     Gourm    .   c - +0 shield
rNeg     . . .     Faith    .   g - +0 crystal plate armour
rPois    .         Spirit   .   (no helmet)
rElec    .         Reflect  .   (no cloak)
rCorr    .         Harm     .   (no gloves)
MR       .....                  (no boots)
Stlth    ..........             (no amulet)
HPRegen  0.13/turn              (no ring)
MPRegen  0.09/turn              (no ring)

@: mighty
A: no striking features
a: no special abilities


You were on level 4 of the Dungeon.
You were hungry.

You visited 1 branch of the dungeon, and saw 3 of its levels.

You collected 92 gold pieces.

Inventory:

Hand Weapons
 a - a +0 war axe (weapon)
Armour
 c - a +0 shield (worn)
 g - a +0 crystal plate armour (worn)
   (You found it on level 1 of the Dungeon)
 s - the +6 ring mail of Boal Awu {rC+ SInv, unknown}
   (You found it on level 4 of the Dungeon)

   It protects you from cold.
   It lets you see invisible.
Scrolls
 b - a scroll of identify {unknown}
 f - a scroll of magic mapping {unknown}
 h - 2 scrolls of remove curse {unknown}
 n - a scroll of noise {unknown}
 o - a scroll of enchant weapon {unknown}
 r - a scroll of teleportation {unknown}
Potions
 i - 3 potions of curing {unknown}
 j - 2 potions of ambrosia {unknown}
 k - a potion of magic {unknown}
 l - 2 potions of resistance {unknown}
 m - a potion of cancellation {unknown}
 p - a potion of lignification {unknown}
Comestibles
 e - 9 rations {!d}
 q - a chunk of flesh


   Skills:
 + Level 4.4 Fighting
 + Level 3.7 Axes
 + Level 4.0 Armour
 + Level 4.0 Shields


You had 3 spell levels left.
You didn't know any spells.
Your spell library was empty.

Dungeon Overview and Level Annotations

Branches:
Dungeon (2/15)             Temple (0/1) D:4

Altars:


Message History

Unknown command.
You closely miss something. Something hits you but does no damage.
Unknown command.
You miss something. Something hits you but does no damage.
Something hits you but does no damage.
You miss something. Something hits you but does no damage.
Unknown command.
You are feeling hungry.
You miss something. Something hits you but does no damage.
Something hits you but does no damage.
Your crystal plate armour prevents you from hitting something.
Something hits you but does no damage.
Unknown command.
You closely miss something. Something hits you but does no damage.
Unknown command.
You miss something. Something hits you but does no damage.
Something hits you but does no damage.
You slash something! Something hits you.
* * * LOW HITPOINT WARNING * * *
Something shocks you.
* * * LOW HITPOINT WARNING * * *
Unknown command.
You miss something. Something hits you.
* * * LOW HITPOINT WARNING * * *
Something shocks you.
* * * LOW HITPOINT WARNING * * *
You miss something. Something hits you but does no damage.
You block something's attack.
You miss something. Something hits you but does no damage.
Unknown command.
Your crystal plate armour prevents you from hitting something.
A sky beast appears from thin air!
Reactivating autopickup.
You block the sky beast's attack.
The sky beast hits you but does no damage.
Unknown command.
You miss the sky beast. The sky beast hits you.
* * * LOW HITPOINT WARNING * * *
The sky beast shocks you.
You die...

#..#........##.# ##### #
#....###.##.##.#########
## #.####
#.##............# #. #.#
#.......##..###.# #. #.#
########...{....# #.
##.#
#........###.......# #.
#..# #........#
#..#.##.####. #.##
#......Y.# #............
####.####......@.#
.###.........
#...............## .
.##......
#.#..##.........# #.###
# .####.
#.#..##.........# ##...
#. #.#...#..######## #.#
#. #.#.#.#..# #.# #.
#........# #.# #.
###......## #.# ##
###.....# #####.#####


You could see a sky beast.

Vanquished Creatures
  A worker ant (D:4)
  2 adders (D:2)
  A worm (D:2)
  A leopard gecko (D:4)
  3 bats (D:1)
  6 goblins (D:1)
  6 hobgoblins (D:1)
  4 jackals (D:4)
  2 kobolds (D:1)
  A ball python (D:1)
  A frilled lizard (D:2)
  10 rats
38 creatures vanquished.

Notes
Turn   | Place    | Note
-------+----------+-------------------------------------------
     0 | D:1      | MalarOregon the Hill Orc Fighter began the quest for the
                  | Orb.
     0 | D:1      | Reached XP level 1. HP: 19/19 MP: 1/1
   190 | D:1      | Reached XP level 2. HP: 27/27 MP: 2/2
   616 | D:1      | Reached XP level 3. HP: 30/33 MP: 3/3
  1072 | D:2      | You fall through a shaft for 2 floors!
  1072 | D:4      | Found a staircase to the Ecumenical Temple.
  1308 | D:4      | Reached XP level 4. HP: 36/41 MP: 4/4
  1517 | D:4      | Noticed a sky beast
  1550 | D:4      | Got a brightly glowing ring mail
  1568 | D:4      | HP: 2/41 [sky beast (1)]
  1568 | D:4      | Slain by a sky beast

Skill      XL: |  1  2  3  4 |
---------------+-------------+-----
Axes           | 3 |  3.7
Fighting       | 4 |  4.4
Shields        | 4 |  4.0
Armour         | 4 |  4.0

Action                   |  1- 3 |  4- 6 || total
-------------------------+-------+-------++-------
Melee: War axe           |   142 |    36 ||   178
  Use: Potion            |       |     1 ||     1
  Eat: Chunk             |     1 |     1 ||     2
Armor: Crystal plate arm |   110 |    42 ||   152
       Scale mail        |     1 |       ||     1
Dodge: Dodged            |     5 |       ||     5
Block: Shield            |    87 |    14 ||   101
